 Dungeon Crawl Stone Soup version 0.23-a0-667-gc184e93 (webtiles) character file.

62586 Blackhawk the Impaler (level 15, 0/122 HPs)
             Began as a Merfolk Fighter on Jan 8, 2019.
             Was the Champion of Ru.
             Slain by an entropy weaver (12 damage)
             ... on level 1 of the Spider Nest.
             The game lasted 01:19:28 (35894 turns).

Blackhawk the Impaler (Merfolk Fighter)            Turns: 35894, Time: 01:19:29

Health: 0/122      AC:  9    Str: 20    XL:     15   Next: 6%
Magic:  18/18      EV: 11    Int: 10    God:    Ru [******]
Gold:   2545       SH: 23    Dex: 15    Spells: 14/14 levels left

rFire    + . .     SeeInvis .   p - +6 spear (pierce)
rCold    . . .     Gourm    .   E - +2 large shield
rNeg     + . .     Faith    .   X - +4 plate armour
rPois    +         Spirit   .   z - +2 hat {Int+3}
rElec    .         Reflect  +   h - +1 cloak {MR+}
rCorr    .         Harm     .   (no gloves)
MR       +++..                  a - +0 pair of boots
Stlth    ..........             x - amulet of the Philosopher {Reflect rF+ SH+3}
HPRegen  0.30/turn              M - ring of protection from magic
MPRegen  0.16/turn              k - ring of Hatat {*Slow +Fly rPois rN+ Stlth-}

@: about to teleport, corroded
A: change form in water, swift swim, stealthy swim, clumsy 1, low mp 1, no
stealth, no charms magic, no earth magic, no hexes magic, unskilled 1,
inexperienced 1
a: Draw Out Power, Power Leap, Apocalypse, Renounce Religion, Evoke Flight


You were on level 1 of the Spider Nest.
You worshipped Ru.
Ru was exalted by your worship.
You were not hungry.

You visited 4 branches of the dungeon, and saw 24 of its levels.
You also visited: Gauntlet.

You collected 2545 gold pieces.

Inventory:

Hand Weapons
 b - a +5 glaive of chopping
 p - a +6 spear of piercing (weapon)
Missiles
 I - a throwing net (quivered)
Armour
 a - a +0 pair of boots (worn)
 h - a +1 cloak of magic resistance (worn)
 z - a +2 hat of intelligence (worn)
 E - a +2 large shield (worn)
 X - a +4 plate armour (worn)
Jewellery
 c - an uncursed ring of protection from cold
 i - an uncursed ring of protection from cold
 k - the ring of Hatat (right hand) {*Slow +Fly rPois rN+ Stlth-}
   (You found it on level 12 of the Dungeon)

   [ring of attention]

   It protects you from poison.
   It protects you from negative energy.
   It lets you fly.
   It may slow you when you take damage.
   It makes you less stealthy.
 m - an uncursed ring of see invisible
 x - the amulet of the Philosopher (around neck) {Reflect rF+ SH+3}
   (You found it on level 6 of the Lair of Beasts)

   [amulet of reflection]

   It shields you and reflects attacks.
   It protects you from fire.
   It affects your SH (+3).
 J - an uncursed ring of protection from fire
 M - a ring of protection from magic (left hand)
Wands
 s - a wand of iceblast (42)
 y - a wand of scattershot (8)
 A - a wand of enslavement (25)
 B - a wand of flame (67)
 C - a wand of disintegration (20)
 L - a wand of digging (3)
 O - a wand of acid (11)
 W - a wand of paralysis (7)
 Z - a wand of clouds (1)
Scrolls
 j - 15 scrolls of teleportation
 n - 4 scrolls of fear
 o - 3 scrolls of blinking
 q - 5 scrolls of identify
 r - a scroll of magic mapping
 w - a scroll of immolation
 F - 9 scrolls of remove curse
 H - 3 scrolls of summoning
 K - 4 scrolls of enchant armour
 P - 2 scrolls of fog
 U - a scroll of silence
Potions
 d - 3 potions of might
 e - 7 potions of curing
 g - 3 potions of cancellation
 l - 4 potions of haste
 t - a potion of agility
 u - 4 potions of heal wounds
 v - 5 potions of brilliance
 D - 6 potions of lignification
 G - 3 potions of berserk rage
 N - 5 potions of flight
 R - 2 potions of ambrosia
 S - 2 potions of magic
 Y - a potion of mutation
Miscellaneous
 Q - a sack of spiders
 T - a phantom mirror
Comestibles
 f - 34 rations


   Skills:
 + Level 12.6 Fighting
 + Level 15.5 Polearms
 + Level 11.1 Armour
 + Level 13.6 Dodging
 + Level 11.8 Shields
 + Level 7.8 Evocations


You had 14 spell levels left.
You didn't know any spells.
Your spell library contained the following spells:

 Spells                   Type           Power        Failure   Level  Hunger
 Apportation              Tloc           #.....       100%        1    ##.....
 Flame Tongue             Conj/Fire      #....        100%        1    ##.....
 Magic Dart               Conj           #...         100%        1    ##.....
 Summon Butterflies       Summ           #.......     100%        1    ##.....
 Searing Ray              Conj           #.....       100%        2    ###....
 Throw Flame              Conj/Fire      #.....       100%        2    ###....
 Conjure Flame            Conj/Fire      #.......     100%        3    ####...
 Lesser Beckoning         Tloc           #.........   100%        3    ####...
 Force Lance              Conj/Tloc      #.......     100%        4    #####..
 Iskenderun's Mystic Bla  Conj           #.......     100%        4    #####..
 Sticky Flame             Conj/Fire      #.......     100%        4    #####..
 Alistair's Intoxication  Tmut/Pois      #.......     100%        5    ######.
 Fireball                 Conj/Fire      #.........   100%        5    ######.
 Dazzling Spray           Conj/Hex       Unusable     N/A         3    N/A
 Inner Flame              Hex/Fire       Unusable     N/A         3    N/A
 Tukima's Dance           Hex            Unusable     N/A         3    N/A
 Fulminant Prism          Conj/Hex       Unusable     N/A         4    N/A
 Invisibility             Hex            Unusable     N/A         6    N/A

Dungeon Overview and Level Annotations

Branches:
Dungeon (15/15)            Temple (0/1) D:7            Lair (6/6) D:10
 Shoals (0/4) Lair:4       Spider (1/4) Lair:3        Slime (0/5) Lair:5
    Orc (2/2) D:9             Elf (0/3) Orc:2        Vaults (0/5) D:14
 Depths (0/5) D:15

Altars:
Dithmenos
Elyvilon
Fedhas
Gozag
Hepliaklqana
Qazlal
Ru
Trog
Uskayaw
Vehumet
Wu Jian
Xom
The Shining One
Beogh
Jiyva

Shops:
Orc:2 !:**

Annotations:
D:3 1 runed door, smazza's ghost, amateur GrEE
D:8 2 transporters
D:12 exclusion: orange crystal statue
Lair:5 1 runed door
Lair:6 3 exclusions


Innate Abilities, Weirdness & Mutations

You revert to your normal form in water.
You are very nimble and swift while swimming.
You are very stealthy in the water. (Stealth+)
You are clumsy. (Dex -2)
Your magical capacity is low. (-10% MP)
You cannot be stealthy.
You cannot study or cast Charms magic.
You cannot study or cast Earth magic.
You cannot study or cast Hexes magic.
You are somewhat unskilled. (-1 Apt)
You are somewhat inexperienced. (-2 XL)


Message History

You block the entropy weaver's attack. The entropy weaver hits you. x2
The entropy weaver hits you!
* * * LOW HITPOINT WARNING * * *
An orb spider comes into view.
The jumping spider begins to attack, but is stunned by your will!
The orb spider hisses angrily.
You hit the entropy weaver but do no damage.
The entropy weaver is lightly wounded.
The entropy weaver stops glowing.
As you read the scroll of teleportation, it crumbles to dust.
You feel strangely unstable.
You redirect the entropy weaver's attack!
You block the entropy weaver's attack. x2; The entropy weaver hits you.
* * * LOW HITPOINT WARNING * * *
You block the entropy weaver's attack. The entropy weaver hits you.
* * * LOW HITPOINT WARNING * * *
The entropy weaver hits you!
* * * LOW HITPOINT WARNING * * *
The entropy weaver hits you!
You die...

#..#.###.#..#
#..#..#.## .#
#.#[.#..#..# #
##.#s.#...##
##.(.#..#...#
#....#...#..#
#......#...## .
####...#.s..#####...
#.....##@.#......#
##.....a##.....#
##..##..######...
#..†##### ##...
...## ##..# ....
##..


You could see an entropy weaver, an orb spider and a jumping spider.

Vanquished Creatures
  Gastronok (Lair:1)
  A stone giant (D:13)
  An ettin (Orc:1)
  3 fire dragons
  4 catoblepae
  A two-headed ogre (D:15)
  A centaur warrior (D:14)
  4 vault guards (D:14)
  4 hydras
  A tengu warrior (D:15)
  5 orc high priests
  Urug (Lair:4)
  9 death yaks
  An unseen horror (D:15)
  2 orc knights
  A wizard (D:14)
  A phantasmal warrior (D:13)
  2 wolf spider zombies (D:13)
  A deep elf mage (D:14)
  2 orc sorcerers
  5 wolf spiders (Spider:1)
  2 ugly things
  4 orb spiders (Spider:1)
  4 slime creatures (D:13)
  2 manticores
  Joseph (Lair:1)
  Maurice (D:10)
  A molten gargoyle (Lair:3)
  12 elephants
  3 black mambas
  A yaktaur (D:14)
  A gargoyle (D:14)
  11 spiny frogs
  A torpor snail (Spider:1)
  2 rime drakes
  A demonic crawler (Spider:1)
  7 komodo dragons
  A queen bee (Lair:3)
  An efreet (D:14)
  A tengu conjurer (D:14)
  2 meliai (D:14)
  13 jumping spiders (Spider:1)
  2 polar bears
  6 hornets
  A troll (D:10)
  13 blink frogs
  A raiju (shapeshifter) (D:15)
  4 dream sheep (Lair:4)
  8 hippogriffs
  3 shadows
  11 spriggans (Lair:3)
  3 wraiths
  5 tarantellas (Spider:1)
  21 redbacks (Spider:1)
  Eustachio (D:6)
  A water elemental (D:12)
  3 wyverns
  2 fire elementals (Lair:3)
  46 yaks
  A human (D:14)
  A golden eye (shapeshifter) (D:15)
  7 basilisks
  4 hungry ghosts
  3 vampire mosquitoes (D:13)
  An acid dragon (D:15)
  3 wargs
  3 hell hounds (D:15)
  14 porcupines
  12 water moccasins
  Duvessa (D:6)
  21 orc warriors
  6 sky beasts
  2 ice beasts
  An eye of draining (D:13)
  A hornet zombie (D:8)
  2 black bears
  7 ogres
  8 centaurs
  3 boggarts (Lair:3)
  9 wolves
  2 big kobolds
  9 crocodiles
  15 bullfrogs
  Dowan (D:6)
  A scorpion (D:14)
  23 killer bees
  4 wights (D:9)
  6 electric eels
  A howler monkey (D:7)
  7 crimson imps
  2 bullfrog zombies
  30 orc priests
  5 centaur skeletons
  11 hounds
  Crazy Yiuf (D:7)
  A bullfrog skeleton (D:13)
  A jelly (D:10)
  Ijyb (D:5)
  2 iguanas (D:11)
  31 orc wizards
  13 worker ants
  A hound zombie (D:6)
  2 hound skeletons
  13 adders
  A howler monkey skeleton (D:6)
  3 river rats (D:10)
  A shadow imp (D:13)
  An adder zombie (D:9)
  3 worms
  5 dart slugs
  4 leopard geckos
  75 orcs
  8 bats
  7 giant cockroaches
  4 goblins
  7 hobgoblins
  7 jackals
  3 quokkas
  2 frilled lizards
  A giant cockroach zombie (D:5)
  14 kobolds
  5 rats
698 creatures vanquished.

Vanquished Creatures (collateral kills)
  An elephant (Lair:2)
  A fungus (Lair:2)
2 creatures vanquished.

Vanquished Creatures (others)
  A fire giant (D:13)
  A vault guard (D:14)
  An orc high priest (Orc:2)
  A wolf spider (Spider:1)
  A manticore (Lair:6)
  2 cyclopes
  A meliai (D:13)
  A redback (Spider:1)
  A human (D:14)
  A spriggan (Lair:3)
  A vampire mosquito (D:13)
  An orc warrior (Orc:1)
  2 centaurs
  An orc wizard (D:9)
  2 orcs (Orc:2)
  9 fungi
  5 plants
32 creatures vanquished.

Grand Total: 732 creatures vanquished

Notes
Turn   | Place    | Note
-------+----------+-------------------------------------------
     0 | D:1      | Blackhawk the Merfolk Fighter began the quest for the Orb.
     0 | D:1      | Reached XP level 1. HP: 18/18 MP: 1/1
   218 | D:1      | Reached XP level 2. HP: 24/24 MP: 2/2
   843 | D:2      | Reached XP level 3. HP: 30/30 MP: 3/3
   965 | D:2      | Reached XP level 4. HP: 30/37 MP: 4/4
  1103 | D:2      | Reached skill level 4 in Polearms
  1982 | D:3      | Noticed a sky beast
  1991 | D:3      | Killed a sky beast
  1991 | D:3      | Reached XP level 5. HP: 43/43 MP: 5/5
  2042 | D:3      | Found a blossoming altar of Fedhas.
  2322 | D:3      | Reached skill level 5 in Polearms
  2367 | D:3      | Found a runed door.
  2370 | D:3      | Noticed smazza's ghost (amateur GrEE)
  2399 | D:3      | Reached XP level 6. HP: 37/49 MP: 6/6
  3033 | D:4      | Reached skill level 5 in Fighting
  3097 | D:4      | Reached XP level 7. HP: 53/56 MP: 7/7
  3189 | D:4      | Reached skill level 6 in Polearms
  3517 | D:4      | Reached skill level 5 in Shields
  3566 | D:4      | Found a shadowy altar of Dithmenos.
  3568 | D:4      | Found a glowing golden altar of the Shining One.
  3574 | D:4      | Found a sacrificial altar of Ru.
  3575 | D:4      | Found a stormy altar of Qazlal.
  3576 | D:4      | Found a radiant altar of Vehumet.
  3577 | D:4      | Found an opulent altar of Gozag.
  3626 | D:4      | Became a worshipper of Ru the Awakened
  3773 | D:5      | Entered Level 5 of the Dungeon
  3796 | D:5      | Found a sacrificial altar of Ru.
  3831 | D:5      | Noticed Ijyb
  3854 | D:5      | Killed Ijyb
  3854 | D:5      | Reached XP level 8. HP: 37/64 MP: 8/8
  4315 | D:6      | Reached skill level 7 in Polearms
  4315 | D:6      | Reached skill level 1 in Dodging
  4544 | D:6      | Reached skill level 5 in Armour
  4812 | D:6      | Found an ornate altar of the Wu Jian Council.
  5072 | D:6      | Noticed Eustachio
  5090 | D:6      | Killed Eustachio
  5090 | D:6      | Reached skill level 8 in Polearms
  5134 | D:7      | Noticed Duvessa
  5134 | D:7      | Noticed Dowan
  5166 | D:6      | Killed Duvessa
  5168 | D:6      | Killed Dowan
  5168 | D:6      | Reached XP level 9. HP: 64/71 MP: 9/9
  5183 | D:6      | Gained mutation: You cannot be stealthy. [Ru sacrifice]
  5369 | D:7      | Found a shimmering altar of Xom.
  5369 | D:7      | Found a hazy altar of Hepliaklqana.
  5499 | D:7      | Found a staircase to the Ecumenical Temple.
  5769 | D:7      | Found a runed door.
  5773 | D:7      | Noticed Crazy Yiuf
  5777 | D:7      | Killed Crazy Yiuf
  5841 | D:8      | Found a hide-covered altar of Uskayaw.
  6156 | D:8      | Found a transporter.
  6160 | D:8      | Found a roughly hewn altar of Beogh.
  6160 | D:8      | Found a transporter.
  6302 | D:8      | Reached skill level 9 in Polearms
  6302 | D:8      | Reached skill level 5 in Dodging
  6353 | D:7      | Found a bloodstained altar of Trog.
  6824 | D:8      | Found a white marble altar of Elyvilon.
  7612 | D:9      | Reached XP level 10. HP: 69/80 MP: 10/10
  7857 | D:9      | HP: 2/80 [electric eel/bolt of electricity (11)]
  8505 | D:9      | Reached skill level 10 in Polearms
  8776 | D:9      | Found a staircase to the Orcish Mines.
  9042 | D:9      | Found an ornate altar of the Wu Jian Council.
  9133 | D:10     | Entered Level 10 of the Dungeon
  9210 | D:10     | Noticed a death yak
  9279 | D:10     | Noticed Maurice
  9330 | D:10     | Killed Maurice
  9512 | D:10     | Noticed a death yak
  9514 | D:10     | Noticed a death yak
  9545 | D:10     | Killed a death yak
  9787 | D:9      | Killed a death yak
  9787 | D:9      | Reached skill level 11 in Polearms
 10025 | D:10     | Killed a death yak
 10025 | D:10     | Reached XP level 11. HP: 52/89 MP: 11/11
 10205 | D:10     | Found a staircase to the Lair.
 10364 | D:11     | You fall through a shaft!
 10459 | D:11     | Found a gate leading to a gauntlet.
 10483 | Gauntlet | Entered a Gauntlet
 10483 | Gauntlet | Found a transporter.
 10483 | Gauntlet | Found a transporter.
 10483 | Gauntlet | Noticed a sixfirhy
 10485 | Gauntlet | Noticed a worldbinder
 10493 | Gauntlet | Found a transporter.
 10496 | Gauntlet | Found a transporter.
 10500 | Gauntlet | Found a runed door.
 10500 | Gauntlet | Noticed a necromancer
 10503 | Gauntlet | Found a runed door.
 10504 | Gauntlet | Found a transporter.
 10507 | Gauntlet | Found a transporter.
 10513 | Gauntlet | Noticed a death ooze
 10517 | Gauntlet | Found a transporter.
 10534 | Gauntlet | Noticed a sixfirhy
 10535 | Gauntlet | Found a transporter.
 10538 | Gauntlet | Noticed a sixfirhy
 10539 | Gauntlet | Noticed a sixfirhy
 10552 | Gauntlet | Found a transporter.
 10555 | Gauntlet | Found a transporter.
 10566 | Gauntlet | Found a transporter.
 10568 | Gauntlet | Found a transporter.
 10788 | Lair:1   | Entered Level 1 of the Lair of Beasts
 10788 | Lair:1   | Noticed Joseph
 10808 | Lair:1   | Killed Joseph
 11496 | Lair:1   | Noticed Gastronok
 11551 | Lair:1   | Reached skill level 12 in Polearms
 11905 | Lair:1   | Killed Gastronok
 11905 | Lair:1   | Reached skill level 10 in Fighting
 11905 | Lair:1   | Reached XP level 12. HP: 25/97 MP: 12/12
 12073 | Lair:1   | Reached skill level 10 in Dodging
 13814 | Lair:2   | Reached skill level 1 in Evocations
 14079 | Lair:3   | Found a hole to the Spider Nest.
 14150 | Lair:3   | Reached skill level 10 in Armour
 14159 | Lair:3   | Gained mutation: You are somewhat unskilled. (-1 Apt) [Ru
                  | sacrifice]
 14159 | Lair:3   | Reached * piety under Ru
 14159 | Lair:3   | Reached ** piety under Ru
 14520 | Lair:3   | Noticed a spriggan rider
 14776 | Lair:3   | Noticed a spriggan rider
 15448 | Lair:3   | Reached skill level 10 in Fighting
 15448 | Lair:3   | Reached skill level 10 in Dodging
 15752 | Lair:3   | Noticed a spriggan rider
 15989 | Lair:3   | Reached XP level 13. HP: 86/103 MP: 15/15
 17396 | Lair:4   | Reached skill level 13 in Polearms
 17479 | Lair:4   | Gained mutation: You cannot study or cast Earth magic. [Ru
                  | sacrifice]
 17479 | Lair:4   | Gained mutation: You cannot study or cast Hexes magic. [Ru
                  | sacrifice]
 17479 | Lair:4   | Gained mutation: You cannot study or cast Charms magic. [Ru
                  | sacrifice]
 17479 | Lair:4   | Reached *** piety under Ru
 17743 | Lair:4   | You fall through a shaft for 2 floors!
 17743 | Lair:6   | Entered Level 6 of the Lair of Beasts
 17816 | Lair:5   | Reached skill level 10 in Armour
 18570 | Lair:5   | Reached skill level 10 in Shields
 19029 | Lair:5   | Found a runed door.
 19032 | Lair:5   | Found a viscous altar of Jiyva.
 19032 | Lair:5   | Found a staircase to the Slime Pits.
 19325 | Lair:5   | You fall through a shaft!
 19656 | Lair:4   | Found a staircase to the Shoals.
 19915 | Lair:4   | Noticed Urug
 19927 | Lair:4   | Killed Urug
 20420 | Lair:6   | Reached XP level 14. HP: 95/113 MP: 17/17
 20832 | Lair:6   | Reached skill level 5 in Evocations
 21042 | Lair:6   | Gained mutation: Your magical capacity is low. (-10% MP)
                  | [Ru sacrifice]
 21042 | Lair:6   | Reached **** piety under Ru
 22801 | Lair:6   | Reached skill level 14 in Polearms
 23864 | Lair:6   | Got a smoking jade amulet
 23874 | Lair:6   | Identified the amulet of the Philosopher {Reflect rF+ SH+3}
                  | (You found it on level 6 of the Lair of Beasts)
 24728 | D:12     | Got a vibrating brass ring
 25062 | D:12     | Gained mutation: You are somewhat inexperienced. (-2 XL)
                  | [Ru sacrifice]
 25062 | D:12     | Reached XP level 13. HP: 106/106 MP: 15/15
 25062 | D:12     | Reached XP level 12. HP: 100/100 MP: 14/14
 25062 | D:12     | Reached ***** piety under Ru
 25186 | D:13     | Identified the ring of Hatat {*Slow +Fly rPois rN+ Stlth-}
                  | (You found it on level 12 of the Dungeon)
 25602 | D:13     | Noticed a fire dragon
 26279 | D:14     | Got a slimy chain mail
 26286 | D:13     | Identified the cursed +0 chain mail "Miurevoh" {rF+} (You
                  | found it on level 14 of the Dungeon)
 26317 | D:14     | Reached XP level 13. HP: 67/106 MP: 15/15
 27261 | D:14     | Noticed a vault guard
 27309 | D:14     | Killed a vault guard
 27318 | D:14     | Noticed a vault guard
 27480 | D:14     | Killed a vault guard
 27572 | D:14     | Found a gate to the Vaults.
 27572 | D:14     | Noticed a vault guard
 27572 | D:14     | Noticed a vault guard
 27620 | D:14     | Killed a vault guard
 27840 | D:14     | Noticed a vault guard
 27877 | D:14     | Killed a vault guard
 27903 | D:14     | Killed a vault guard
 28025 | D:14     | Gained mutation: You are clumsy. (Dex -2) [Ru sacrifice]
 28025 | D:14     | Reached ****** piety under Ru
 28186 | D:15     | Entered Level 15 of the Dungeon
 28464 | D:15     | Noticed a fire dragon
 28464 | D:15     | Noticed a fire dragon
 28488 | D:15     | Killed a fire dragon
 28514 | D:15     | Killed a fire dragon
 28739 | D:15     | Found a staircase to the Depths.
 29318 | D:15     | Reached XP level 14. HP: 115/115 MP: 17/17
 29640 | D:13     | Noticed a fire giant
 29643 | D:13     | Noticed a stone giant
 30140 | D:13     | Killed a fire giant
 30140 | D:13     | Reached skill level 15 in Polearms
 30157 | D:13     | Killed a stone giant
 30226 | D:13     | Identified the amulet of Coyrchaotz {Harm *Drain Int+4
                  | Dex+10 Stlth-} (You found it on level 13 of the Dungeon)
 30413 | Orc:1    | Entered Level 1 of the Orcish Mines
 30773 | Orc:2    | Entered Level 2 of the Orcish Mines
 31908 | Orc:2    | HP: 5/115 [orc high priest/divine providence (13)]
 32958 | Orc:2    | Found a staircase to the Elven Halls.
 33048 | Orc:2    | Found Pise's Assorted Antiques.
 33051 | Orc:2    | Found Xegruzov's Distillery.
 33051 | Orc:2    | Found Xexaibe's Book Boutique.
 33741 | Orc:2    | Found Pavivvup's General Store.
 34479 | Spider:1 | Entered Level 1 of the Spider Nest
 35623 | Spider:1 | Reached XP level 15. HP: 110/122 MP: 18/18
 35894 | Spider:1 | Slain by an entropy weaver

Vault maps used:
D:1:      mushboom_english_gardens
D:2:      minmay_alternating_diamond, kennysheep_another_room, minivault_25
D:3:      minmay_door_path, fedhas_altar_1, first_ration,
          ebering_ghost_reflecting_pool
D:4:      kennysheep_big_flooded_room, minitemple, kennysheep_big_empty_room,
          minmay_manual_mess
D:5:      nicolae_ru_great_annihilating_truth, uniq_ijyb
D:6:      basic_altar, uniq_eustachio
D:7:      nicolae_overflow_hidden_temple, minmay_temple_entry_water_ring,
          uniq_crazy_yiuf_cottage, uniq_duvessa
D:8:      gammafunk_beogh_shrine, old_standard_altar, elyvilon_altar_5
D:9:      lemuel_round_altar, erik_orc_2
D:10:     dpeg_lair_monsters, uniq_maurice
D:11:     gauntlet_entry_generic
D:12:     statuecave_lemuel
D:13:     blue_anna_alchemist, minmay_diamond_spiral
D:14:     grunt_vaults_entry_fortified
D:15:     grunt_enter_depths_hoard, nicolae_benzene_ring, minmay_rotating_lava
Lair:1:   chequers_serial_rivers_micro_c, uniq_gastronok, uniq_joseph
Lair:2:   st_stairs_10, disabler_island
Lair:3:   kb_forest_paths, spider_nest_entry_web_field,
          nicolae_volcano_entry_two_sided, special_room, beast_lair_carwin_5,
          lemuel_fruit_tree
Lair:4:   elwin_shoals_entry_rocks, infiniplex_staircase_pool,
          grunt_megastairs_2, uniq_urug
Lair:5:   beast_lair_carwin_large_1, slime_altar_2
Lair:6:   evilmike_catoblepas_cave, kennysheep_basilisk_garden
Spider:1: nicolae_spider_circle_web
Orc:2:    st_orc_mages, abandoned_shop
Gauntlet: minmay_gauntlet_mixed_big_or_small

Skill      XL: |  1  2  3  4  5  6  7  8  9 10 11 12 13 14 |
---------------+-------------------------------------------+-----
Polearms       | 4 5 6 8 9 11 12 13 15 | 15.5
Fighting       | 4 5 6 7 9 10 10 12 | 12.6
Armour         | 3 4 5 6 8 9 9 10 11 | 11.1
Shields        | 4 5 6 7 8 9 9 11 | 11.8
Dodging        | 3 6 8 9 10 11 13 | 13.6
Evocations     | 6 4 7 |  7.8

Action                   |  1- 3 |  4- 6 |  7- 9 | 10-12 | 13-15 || total
-------------------------+-------+-------+-------+-------+-------++-------
Melee: Trident           |   128 |    21 |       |       |       ||   149
       Spear             |       |   149 |   414 |  1222 |  2764 ||  4549
       Tailslap          |       |       |     1 |       |    16 ||    17
Invok: Sacrifice Stealth |       |       |     1 |       |       ||     1
       Reject Sacrifices |       |       |     1 |       |       ||     1
       Sacrifice Experie |       |       |       |     1 |       ||     1
       Sacrifice Skill   |       |       |       |     1 |       ||     1
       Sacrifice Purity  |       |       |       |       |     1 ||     1
       Sacrifice Arcana  |       |       |       |       |     1 ||     1
       Sacrifice Essence |       |       |       |       |     1 ||     1
Evoke: Wand              |       |       |       |    16 |       ||    16
       Sack of spiders   |       |       |       |     1 |       ||     1
  Use: Scroll            |       |     3 |     1 |    20 |    15 ||    39
       Potion            |       |       |       |     3 |     2 ||     5
 Stab: Paralysed         |       |       |     2 |     2 |     5 ||     9
       Invisible         |       |       |       |     2 |    10 ||    12
       Distracted        |       |       |       |     1 |     6 ||     7
  Eat: Chunk             |       |     7 |    17 |    19 |    47 ||    90
       Ration            |       |       |       |     3 |     6 ||     9
Armor: Scale mail        |     9 |       |       |       |       ||     9
       Chain mail        |    51 |    63 |   128 |     3 |       ||   245
       Plate armour      |       |       |       |   181 |   585 ||   766
Dodge: Dodged            |    19 |    19 |    59 |   105 |   361 ||   563
Block: Shield            |    56 |    66 |   128 |     6 |       ||   256
       Large shield      |       |       |       |   646 |  1788 ||  2434
       Reflection        |       |       |       |     4 |    28 ||    32

Table legend:
 A = Non-vault XP
 B = Vault XP
 C = Vault XP percentage of total XP
 D = Non-vault monster count
 E = Vault monster count
 F = Vault count percentage of total count
                 A         B        C        D         E       F
            +---------+---------+-------+---------+---------+-------
      Total |   82840 |   52033 |  38.6 |     510 |     204 |  28.6
            +---------+---------+-------+---------+---------+-------
        D:1 |      30 |       0 |   0.0 |      19 |       0 |   0.0
        D:2 |      66 |       9 |  12.0 |      15 |       5 |  25.0
        D:3 |     319 |       5 |   1.5 |      30 |       3 |   9.1
        D:4 |     432 |      93 |  17.7 |      18 |       3 |  14.3
        D:5 |     194 |      96 |  33.1 |       9 |       5 |  35.7
        D:6 |     751 |     426 |  36.2 |      17 |       3 |  15.0
        D:7 |     666 |      41 |   5.8 |      18 |       1 |   5.3
        D:8 |     865 |     129 |  13.0 |      20 |       1 |   4.8
        D:9 |    1540 |    1792 |  53.8 |      28 |      21 |  42.9
       D:10 |    2052 |    2273 |  52.6 |      13 |       7 |  35.0
       D:11 |     895 |       0 |   0.0 |      11 |       0 |   0.0
       D:12 |    1644 |       0 |   0.0 |       7 |       0 |   0.0
       D:13 |    7626 |    4728 |  38.3 |      29 |       5 |  14.7
       D:14 |    6806 |    6479 |  48.8 |      31 |      10 |  24.4
       D:15 |    6864 |    2619 |  27.6 |      26 |       5 |  16.1
     Lair:1 |    5803 |    2840 |  32.9 |      27 |       2 |   6.9
     Lair:2 |    2633 |     501 |  16.0 |      10 |       5 |  33.3
     Lair:3 |    5782 |    6782 |  54.0 |      25 |      46 |  64.8
     Lair:4 |    5001 |    1547 |  23.6 |      25 |       4 |  13.8
     Lair:5 |    4107 |    3378 |  45.1 |      14 |       7 |  33.3
     Lair:6 |    6270 |   12586 |  66.7 |      23 |      28 |  54.9
   Spider:1 |   16306 |       0 |   0.0 |      54 |       0 |   0.0
      Orc:1 |    4813 |    1869 |  28.0 |      28 |      11 |  28.2
      Orc:2 |    1375 |    3840 |  73.6 |      13 |      32 |  71.1
            +---------+---------+-------+---------+---------+-------
